 Dungeon Crawl Stone Soup version 0.19.1 (webtiles) character file.

67 Mefis the Magician (level 3, -3/19 HPs)
             Began as a Deep Elf Wizard on Dec 14, 2016.
             Slain by a leopard gecko (4 damage)
             ... on level 3 of the Dungeon.
             The game lasted 00:03:34 (2118 turns).

Mefis the Magician (Deep Elf Wizard)                Turns: 2118, Time: 00:03:35

Health: -3/19      AC:  3    Str:  4    XL:     3   Next: 98%
Magic:  0/11       EV: 13    Int: 23    God:
Gold:   111        SH:  0    Dex: 13    Spells: 5 memorised, 2 levels left

rFire  . . .     SeeInvis .     g - +1 dagger (venom)
rCold  . . .     Gourm    .     a - +0 robe
rNeg   . . .     Faith    .     (no shield)
rPois  .         Spirit   .     k - +0 helmet
rElec  .         Reflect  .     (no cloak)
rCorr  .         Harm     .     (no gloves)
MR     .....                    (no boots)
Stlth  ++........               (no amulet)
                                n - ring of flight
                                e - ring of wizardry

@: repel missiles
A: no striking features
a: Evoke Flight


You were on level 3 of the Dungeon.
You were not hungry.

You visited 1 branch of the dungeon, and saw 3 of its levels.

You collected 111 gold pieces.

Inventory:

Hand Weapons
 f - a +0 dagger
 g - a +1 dagger of venom (weapon)
 q - a +0 hunting sling
 s - a +1 dagger of venom
 z - a +1 dagger of electrocution
Missiles
 i - 23 bolts
 p - 2 throwing nets (quivered)
Armour
 a - a +0 robe (worn)
 b - a +0 hat
 k - a +0 helmet (worn)
 l - a +0 shield
Jewellery
 e - a ring of wizardry (left hand)
 n - a ring of flight (right hand)
Scrolls
 j - a scroll of teleportation {unknown}
 r - a scroll of fear {unknown}
 u - a scroll of noise {unknown}
 v - a scroll of enchant armour {unknown}
 y - a scroll of amnesia {unknown}
 A - a scroll of blinking {unknown}
Potions
 h - a potion of cure mutation {unknown}
 m - 2 potions of magic {unknown}
 o - 4 potions of curing {unknown}
 t - 2 potions of brilliance {unknown}
 w - 2 potions of degeneration {unknown}
 x - a potion of agility {unknown}
Books
 c - a book of Minor Magic

   Spells                             Type                      Level
   a - Magic Dart                     Conjuration                  1
   b - Blink                          Translocation                2
   c - Call Imp                       Summoning                    2
   d - Repel Missiles                 Charms/Air                   2
   e - Slow                           Hexes                        2
   f - Conjure Flame                  Conjuration/Fire             3
   g - Mephitic Cloud                 Conjuration/Poison/Air       3
Comestibles
 d - 2 bread rations


   Skills:
 + Level 3.1 Dodging
 + Level 3.0 Stealth
 * Level 5.2 Spellcasting
 + Level 1.9 Conjurations
 + Level 1.2 Summonings
 - Level 1.1 Translocations
 + Level 0.8 Air Magic
 + Level 0.0 Poison Magic
 + Level 0.7 Evocations


You had 2 spell levels left.
You knew the following spells:

 Your Spells              Type           Power        Failure   Level  Hunger
a - Magic Dart            Conj           ##..         1%          1    None
b - Call Imp              Summ           ##......     4%          2    None
c - Blink                 Tloc           N/A          4%          2    None
d - Repel Missiles        Chrm/Air       #.....       6%          2    None
e - Mephitic Cloud        Conj/Pois/Air  ##......     9%          3    ##.....


Dungeon Overview and Level Annotations

Branches:
Dungeon (3/15)

Altars:
Ru


Message History

The orc misses you.
You barely miss the orc.
The orc is lightly wounded.
The orc hits you with a hand axe.
You hit the orc.
The orc looks as sick as possible!
The orc is heavily wounded.
The orc hits you with a hand axe!
* * * LOW HITPOINT WARNING * * *
You kill the orc!
Casting: Magic Dart
Confirm with . or Enter, or press ? or * to list all spells.
You blink.
The leopard gecko bites you.
* * * LOW HITPOINT WARNING * * *
You aren't carrying any items that you can evoke.
Casting: Blink
Confirm with . or Enter, or press ? or * to list all spells.
A beastly little devil appears in a puff of frigid air.
The leopard gecko bites you.
You die...

##.#.# #...#
##..############
#.>....##<.(..#
######.######.#
#...#.# #.#
#.#.#.######.#
#l#.#.##.....#
#@#.#.##.#####
#.#.#.##.#
#5#.#l##.#########
#.#.#.##.........#
#.#...##########.#
#.##### #.# #.#
#.# #.# #.# #.#
#.#


You could see a leopard gecko and a friendly white imp.

Vanquished Creatures
  An adder (D:2)
  A worm (D:2)
  2 leopard geckos (D:1)
  2 orcs (D:3)
  3 giant cockroaches
  7 goblins
  5 hobgoblins
  4 jackals
  8 kobolds
  5 bats
  3 frilled lizards
  8 rats
49 creatures vanquished.

Notes
Turn   | Place    | Note
-------+----------+-------------------------------------------
     0 | D:1      | Mefis the Deep Elf Wizard began the quest for the Orb.
     0 | D:1      | Reached XP level 1. HP: 10/10 MP: 7/7
   212 | D:1      | Reached XP level 2. HP: 15/15 MP: 7/9
   216 | D:1      | Learned a level 2 spell: Call Imp
   219 | D:1      | Learned a level 2 spell: Blink
   222 | D:1      | Learned a level 2 spell: Repel Missiles
   727 | D:1      | Reached skill level 5 in Spellcasting
  1026 | D:2      | Found a sacrificial altar of Ru.
  1030 | D:2      | Reached XP level 3. HP: 19/19 MP: 6/11
  1035 | D:2      | Learned a level 3 spell: Mephitic Cloud
  2118 | D:3      | Slain by a leopard gecko

Skill      XL: |  1  2  3 |
---------------+----------+-----
Spellcasting   | 5 |  5.2
Dodging        | 3 |  3.1
Stealth        | 3 |  3.0
Conjurations   | |  1.9
Summonings     | |  1.2
Translocations | |  1.1
Air Magic      | |  0.8
Evocations     | |  0.7

Action                   || total
-------------------------++-------
Melee: Dagger            ||    13
 Cast: Magic Dart        ||   116
       Repel Missiles    ||     2
       Blink             ||     1
       Call Imp          ||     1
 Stab: Sleeping          ||     1
  Eat: Chunk             ||     3
Armor: Robe              ||    11
Dodge: Dodged            ||    29
       Deflected         ||     1
